 Dungeon Crawl Stone Soup version 0.30-a0-862-g1aabd4f9c5 (webtiles) character file.

Game seed: 4004060027576443367

1229 Newt the Skirmisher (level 8, -15/49 HPs)
             Began as a Kobold Hunter on Mar 9, 2023.
             Demolished by an orc warrior
             ... wielding a +2 heavy trident
              (21 damage)
             ... on level 6 of the Dungeon.
             The game lasted 00:06:28 (6343 turns).

Newt the Skirmisher (Kobold Hunter)                 Turns: 6343, Time: 00:06:29

Health: -15/49     AC: 11    Str:  9    XL:     8   Next: 77%
Magic:  8/8        EV: 17    Int: 10    God:
Gold:   357        SH:  0    Dex: 20    Spells: 7/7 levels left

rFire   + . .      SeeInvis .    p - +0 sling (heavy)
rCold   + . .      Faith    .    (no shield)
rNeg    . . .      Spirit   .    q - +2 leather armour {rF+}
rPois   .          Reflect  .    u - +2 helmet
rElec   .          Rampage  .    w - +0 cloak
rCorr   .                        l - +0 pair of gloves
Will    .....                    g - +0 pair of boots
Stlth   +++                      (no amulet)
HPRegen 0.28/turn                j - ring of protection from cold
MPRegen 0.11/turn                (no ring)

@: no status effects
A: small, no large weapons, nightstalker 3
a: no special abilities


You were on level 6 of the Dungeon.
You visited 1 branch of the dungeon, and saw 6 of its levels.

You collected 357 gold pieces.

Inventory:

Hand Weapons
 a - a +0 shortbow
 p - a +0 heavy sling (weapon)
Armour
 c - a +0 leather armour
 g - a +0 pair of boots (worn)
 l - a +0 pair of gloves (worn)
 q - a +2 leather armour of fire resistance (worn)
 u - a +2 helmet (worn)
 w - a +0 cloak (worn)
Jewellery
 j - a ring of protection from cold (left hand)
Wands
 f - a wand of flame (8)
 x - a wand of polymorph (11)
Scrolls
 b - 2 scrolls of immolation
 h - a scroll of noise
 n - a scroll of magic mapping
 o - a scroll of butterflies
 s - a scroll of teleportation
 y - a scroll of fog
Potions
 d - a potion of curing
 e - a potion of flight
 i - 4 potions of ambrosia
 k - 3 potions of haste
 m - a potion of berserk rage
 r - a potion of heal wounds
 v - 2 potions of degeneration {unknown}
 z - a potion of invisibility {unknown}
 B - a potion of brilliance {unknown}


   Skills:
 - Level 5.0 Fighting
 - Level 10.0 Ranged Weapons
 - Level 6.0 Dodging
 - Level 1.3 Stealth
 + Level 4.9 Evocations


You had 7 spell levels left.
You didn't know any spells.
Your spell library contained the following spells:

 Spells                   Type           Power      Damage    Failure   Level
 Ensorcelled Hibernation  Hex/Ice        0%         N/A       63%         2
 Passwall                 Tmut/Erth      0%         N/A       63%         2
 Swiftness                Air            0%         N/A       85%         3


Dungeon Overview and Level Annotations

Branches:
Dungeon (6/15)             Temple (0/1) D:6

Altars:
Elyvilon
Okawaru
Ru


Innate Abilities, Weirdness & Mutations

You are small and have problems with some larger weapons.
You are completely attuned to the shadows.


Message History

The orc misses you.
Fire: p) +0 sling (heavy)
Press: ? - help, Shift-Dir - straight line, f/p - orc warrior
Aim: an orc warrior, wielding a +2 heavy trident and wearing a +0 plate armour (severely wounded, 67% to hit)
You shoot a sling bullet. The sling bullet hits the orc.
The orc is almost dead.
The orc warrior closely misses you. The orc hits you but does no damage.
Fire: p) +0 sling (heavy)
Press: ? - help, Shift-Dir - straight line, f/p - orc warrior
Aim: an orc warrior, wielding a +2 heavy trident and wearing a +0 plate armour (severely wounded, 67% to hit)
You shoot a sling bullet. The sling bullet hits the orc!
You kill the orc!
The orc warrior barely misses you.
Fire: p) +0 sling (heavy)
Press: ? - help, Shift-Dir - straight line, f/p - orc warrior
Aim: an orc warrior, wielding a +2 heavy trident and wearing a +0 plate armour (severely wounded, 67% to hit)
You shoot a sling bullet.
The sling bullet completely misses the orc warrior.
The orc warrior misses you.
Fire: p) +0 sling (heavy)
Press: ? - help, Shift-Dir - straight line, f/p - orc warrior
Aim: an orc warrior, wielding a +2 heavy trident and wearing a +0 plate armour (severely wounded, 67% to hit)
You shoot a sling bullet.
The sling bullet barely misses the orc warrior.
The orc warrior hits you from afar with a +2 heavy trident!
* * * LOW HITPOINT WARNING * * *
Fire: p) +0 sling (heavy)
Press: ? - help, Shift-Dir - straight line, f/p - orc warrior
Aim: an orc warrior, wielding a +2 heavy trident and wearing a +0 plate armour (severely wounded, 67% to hit)
You shoot a sling bullet.
The sling bullet hits the orc warrior but does no damage.
The orc warrior is severely wounded.
The orc warrior completely misses you.
Fire: p) +0 sling (heavy)
Press: ? - help, Shift-Dir - straight line, f/p - orc warrior
Aim: an orc warrior, wielding a +2 heavy trident and wearing a +0 plate armour (severely wounded, 67% to hit)
You shoot a sling bullet. The sling bullet hits the orc warrior!
The orc warrior is almost dead.
The orc warrior hits you from afar with a +2 heavy trident!!
You die...

##..♣♣~~P..~P♣PP~.#.>............
#...~~~~~~~~~~~..#..............
##..~♣~~P~~~♣♣~♣P................
....♣♣♣♣♣P.~♣♣♣♣♣................
....(..♣♣~~♣♣ ♣...##...>..#.....#
###..##♣♣♣~ ♣♣#.######..#........
##..# ♣.#.# #.##........ ##.#
♣...######.##.##..... #<#
#...@)........##..... #.#
##..##o.#...#.##..... #.#
#..###..#.#..##..... #..
#..###...>...##..... ###
#...##..#.#..##..... #.#....#.).#
###### #.##......... #.
###.##.... .. #.# #.# ####


You could see an orc warrior.

Vanquished Creatures
  Edmund (D:4)
  An ice beast (D:5)
  A sky beast (D:6)
  A black bear (D:6)
  A centaur (D:5)
  2 phantoms (D:5)
  3 hounds (D:5)
  3 jellies
  An iguana (D:5)
  Terence (D:2)
  Ijyb (D:4)
  Natasha (thrice) (D:4)
  An orc wizard (D:6)
  Robin (D:3)
  4 gnolls (D:4)
  4 adders
  A shadow imp (D:5)
  An ufetubus (D:5)
  3 worms
  6 dart slugs
  12 orcs
  7 ball pythons
  9 endoplasms
  3 giant cockroaches
  21 goblins
  10 hobgoblins
  3 jackals (D:1)
  8 kobolds
  5 quokkas
  2 bats
  6 frilled lizards
  26 rats
152 creatures vanquished.

Notes
Turn   | Place    | Note
-------+----------+-------------------------------------------
     0 | D:1      | Newt the Kobold Hunter began the quest for the Orb.
     0 | D:1      | Reached XP level 1. HP: 12/12 MP: 1/1
    77 | D:1      | Reached XP level 2. HP: 19/19 MP: 2/2
   219 | D:1      | Reached XP level 3. HP: 23/23 MP: 3/3
   587 | D:1      | Found a faded altar of an unknown god.
   668 | D:1      | Reached XP level 4. HP: 30/30 MP: 4/4
   961 | D:2      | Found an iron altar of Okawaru.
  1409 | D:2      | Noticed Terence
  1411 | D:2      | Reached skill level 5 in Fighting
  1424 | D:2      | Killed Terence
  1425 | D:2      | Reached XP level 5. HP: 25/35 MP: 5/5
  1701 | D:2      | Reached skill level 6 in Ranged Weapons
  3116 | D:4      | Noticed Ijyb
  3121 | D:4      | Killed Ijyb
  3328 | D:4      | Reached skill level 7 in Ranged Weapons
  3328 | D:4      | Reached XP level 6. HP: 40/40 MP: 6/6
  3531 | D:4      | Noticed Robin
  3731 | D:3      | Killed Robin
  3785 | D:4      | Noticed Natasha
  3786 | D:4      | Killed Natasha
  3873 | D:4      | Reached skill level 8 in Ranged Weapons
  4084 | D:4      | Noticed Natasha
  4088 | D:4      | Killed Natasha
  4230 | D:4      | Noticed Edmund
  4477 | D:4      | Reached XP level 7. HP: 20/44 MP: 7/7
  4489 | D:4      | Noticed Natasha
  4501 | D:4      | Killed Natasha
  4502 | D:4      | Reached skill level 9 in Ranged Weapons
  5198 | D:4      | Killed Edmund
  5354 | D:5      | Entered Level 5 of the Dungeon
  5370 | D:5      | Reached skill level 10 in Ranged Weapons
  5409 | D:5      | Reached XP level 8. HP: 49/49 MP: 8/8
  5477 | D:5      | Reached skill level 5 in Dodging
  5636 | D:5      | Reached skill level 1 in Evocations
  5912 | D:5      | Found a sacrificial altar of Ru.
  5964 | D:5      | Found a white marble altar of Elyvilon.
  6272 | D:6      | Found a staircase to the Ecumenical Temple.
  6343 | D:6      | Demolished by an orc warrior

Illustrated notes

Levels and vault maps discovered:
D:1:      moated_graveyard_arrival, layout_loops_cross,
          shapermc_ecumenical_altar_mp_urbaneastern, minmay_stone_trees_small,
          moated_statue
D:2:      layout_basic, serial_corexii_hall, chequers_hall_statues_corner_a,
          corexii_hall_statues_deadend, corexii_hall_statues_x,
          corexii_hall_statues_u, corexii_hall_statues_i,
          chequers_hall_statues_wall_a, basic_altar, st_stairs_3,
          eino_curves_04, minmay_rat_hole, uniq_terence
D:3:      layout_loops_ring, chequers_serial_rivers_small_b
D:4:      layout_layer_cave, uniq_natasha, uniq_ijyb, uniq_robin, uniq_edmund
D:5:      layout_rooms, mainiacjoe_overflow_divided_tiny, minivault_25,
          reono_crystal_passage
D:6:      layout_rooms, minmay_temple_entry_crystal_x, serial_bayou,
          serial_bayou_crossing, serial_bayou_shore_b, serial_bayou_pond_e,
          serial_bayou_lagoon_a

Skill      XL: |  1  2  3  4  5  6  7  8 |
---------------+-------------------------+-----
Fighting       | 3 4 5 |  5.0
Ranged Weapons | 7 8 10 | 10.0
Dodging        | 4 6 |  6.0
Evocations     | 4 |  4.9
Stealth        | |  1.3

Action                     |  1- 3 |  4- 6 |  7- 9 || total
---------------------------+-------+-------+-------++-------
   Fire: Shortbow          |    76 |   161 |       ||   237
         Sling             |       |    75 |   146 ||   221
    Use: Scroll            |       |     9 |     2 ||    11
         Potion            |       |     1 |     3 ||     4
 Armour: Leather armour    |     3 |    62 |    48 ||   113
  Dodge: Dodged            |    29 |   165 |    79 ||   273

Table legend: (Time is in decaauts)
 A = Elapsed time spent in this place.
 B = Non-inter-level travel time spent in this place.
 C = Inter-level travel time spent in this place.
 D = Time resting spent in this place.
 E = Time spent auto-exploring this place.
 F = Levels seen in this place.
 G = Mean time per level.
                   A        B        C        D        E       F      G
               +--------+--------+--------+--------+--------+-----+--------+
         Total |   6473 |   6214 |    259 |   1188 |   3972 |   6 | 1078.8 |
       Dungeon |   6473 |   6214 |    259 |   1188 |   3972 |   6 | 1078.8 |
               +--------+--------+--------+--------+--------+-----+--------+

Top non-repeatable levels by time:
     D:4: 2072 daAuts
     D:2: 1611 daAuts
     D:3: 988 daAuts
     D:1: 768 daAuts
     D:5: 705 daAuts
     D:6: 327 daAuts
